 Dungeon Crawl Stone Soup version 0.30-a0-782-ge64f9170bb (webtiles) character file.

Game seed: 6353879468692765443

30 theswoord the Twirler (level 3, -4/27 HPs)
             Began as a Demonspawn Gladiator on Mar 13, 2023.
             Slain by Jessica
             ... wielding a +0 dagger
              (6 damage)
             ... on level 2 of the Dungeon.
             The game lasted 00:01:06 (509 turns).

theswoord the Twirler (Demonspawn Gladiator)         Turns: 509, Time: 00:01:07

Health: -4/27      AC:  7    Str: 22    XL:     3   Next: 5%
Magic:  3/3        EV: 11    Int:  9    God:
Gold:   32         SH:  0    Dex: 16    Spells: 2/2 levels left

rFire   . . .      SeeInvis .    a - +0 quarterstaff
rCold   . . .      Faith    .    (shield currently unavailable)
rNeg    . . .      Spirit   .    h - +0 scale mail
rPois   .          Reflect  .    c - +0 helmet
rElec   .          Harm     .    (no cloak)
rCorr   .          Rampage  .    (no gloves)
Will    .....                    (no boots)
Stlth   +                        g - amulet of magic regeneration
HPRegen 0.24/turn                j - +6 ring of strength
MPRegen 0.48/turn                (no ring)

@: no status effects
A: thin skeletal structure 1, ignite blood 1
a: no special abilities


You were on level 2 of the Dungeon.
You visited 1 branch of the dungeon, and saw 2 of its levels.

You collected 32 gold pieces.

Inventory:

Hand Weapons
 a - a +0 quarterstaff (weapon)
Missiles
 d - a throwing net (quivered)
 e - a javelin
Armour
 b - a +0 leather armour
 c - a +0 helmet (worn)
 h - a +0 scale mail (worn)
Jewellery
 g - an amulet of magic regeneration (around neck)
 j - a +6 ring of strength (left hand)
Potions
 f - a potion of degeneration


   Skills:
 - Level 2.0 Fighting
 + Level 3.8 Staves
 - Level 1.7 Throwing
 - Level 2.6 Dodging


You had 2 spell levels left.
You didn't know any spells.
Your spell library was empty.

Dungeon Overview and Level Annotations

Branches:
Dungeon (2/15)

Altars:

Annotations:
D:2 Jessica


Innate Abilities, Weirdness & Mutations

You have a somewhat thin skeletal structure. (Dex +2, Stealth+)
Your demonic aura sometimes causes spilled blood to erupt in flames.


Message History

Found a whip and 12 gold pieces.
Found a glowing golden altar of the Shining One.
Found a stone staircase leading up.
A ball python comes into view.
A ball python is nearby!
A ball python is nearby!
The ball python hisses angrily.
Jessica the Apprentice Sorceress comes into view.
She is wielding a +0 dagger and carrying a wand of flame (16).
Jessica zaps a wand.
The puff of flame hits you.
Found a long iron wand.
The ball python bites you but does no damage.
The ball python closely misses you.
You sock the ball python!
You kill the ball python!
Jessica gestures at you while chanting. Pain shoots through your body!
* * * LOW HITPOINT WARNING * * *
A ball python comes into view.
Throw: 3 throwing nets
Aim: Jessica, wielding a +0 dagger, wearing a +0 robe and carrying a wand of flame (15) (60% to hit)
You throw a throwing net. The throwing net barely misses Jessica.
The throwing net hits the ball python.
The ball python is caught in the net!
The ball python hisses angrily.
The ball python struggles against the net.
Jessica hits you with a +0 dagger.
* * * LOW HITPOINT WARNING * * *
Throw: 2 throwing nets
Aim: Jessica, wielding a +0 dagger, wearing a +0 robe and carrying a wand of flame (15) (60% to hit)
You throw a throwing net. The throwing net barely misses Jessica.
The throwing net hits the ball python.
The ball python struggles against the net.
Jessica zaps a wand.
The puff of flame hits you!
* * * LOW HITPOINT WARNING * * *
The ball python struggles against the net.
You closely miss Jessica.
The ball python struggles against the net.
Jessica gestures wildly.
Jessica hits you with a +0 dagger.
You die...

.# .......... .#
#....._..#####.# .#
#...........# .# #
#.....#.##### .. ..
###..##.# .##
...##+#+####.###.##
..
........†...........
.#
...........#####.###
## S.....@@..)# .#
.........$.# .#
.....#...### ....
#...# ../ #...# ..
....# . ......
..#...


You could see Jessica and a ball python (caught).

Vanquished Creatures
  A dart slug (D:1)
  5 endoplasms (D:1)
  4 giant cockroaches (D:1)
  3 hobgoblins (D:1)
  A kobold (D:1)
  A quokka (D:1)
  A ball python (D:2)
  4 bats (D:1)
  A frilled lizard (D:1)
  3 rats (D:1)
24 creatures vanquished.

Notes
Turn   | Place    | Note
-------+----------+-------------------------------------------
     0 | D:1      | theswoord the Demonspawn Gladiator began the quest for the
                  | Orb.
     0 | D:1      | Reached XP level 1. HP: 16/16 MP: 1/1
    46 | D:1      | Reached skill level 3 in Staves
   125 | D:1      | Gained mutation: You have a somewhat thin skeletal
                  | structure. (Dex +2, Stealth+) [demonic ancestry]
   125 | D:1      | Reached XP level 2. HP: 19/22 MP: 2/2
   377 | D:1      | Gained mutation: Your demonic aura sometimes causes spilled
                  | blood to erupt in flames. [demonic ancestry]
   377 | D:1      | Reached XP level 3. HP: 27/27 MP: 3/3
   502 | D:2      | Noticed Jessica
   509 | D:2      | Slain by Jessica

Skill      XL: |  1 |
---------------+----+-----
Staves         | 3 |  3.8
Fighting       | |  2.0
Throwing       | |  1.7
Dodging        | |  2.6

Action                     || total
---------------------------++-------
  Melee: Quarterstaff      ||    57
  Throw: Throwing net      ||     2
    Use: Scroll            ||     2
   Stab: Sleeping          ||     3
 Armour: Leather armour    ||    13
         Scale mail        ||    10
  Dodge: Dodged            ||    23

Levels and vault maps discovered:
D:1:      grunt_arrival_lava_bath, layout_basic
D:2:      layout_basic, chequers_ecumenical_altar_simple, basic_altar,
          uniq_jessica
